 Dungeon Crawl Stone Soup version 0.28-a0-1524-ge72afd5fc6 (webtiles) character file.

Game seed: 6189291172242376484

53 HallandMoats the Skirmisher (level 3, -5/29 HPs)
             Began as a Demonspawn Fighter on Jan 18, 2022.
             Was an Initiate of Yredelemnul.
             Slain by a worm (7 damage)
             ... on level 3 of the Dungeon.
             The game lasted 00:01:36 (1794 turns).

HallandMoats the Skirmisher (Demonspawn Fighter)    Turns: 1794, Time: 00:01:37

Health: -5/29      AC:  8    Str: 18    XL:     3   Next: 62%
Magic:  3/3        EV:  9    Int:  9    God:    Yredelemnul [......]
Gold:   96         SH:  0    Dex: 12    Spells: 2/2 levels left

rFire   . . .      SeeInvis .   a - +0 war axe
rCold   . . .      Faith    .   c - +0 buckler
rNeg    . . .      Spirit   .   b - +0 scale mail
rPois   .          Reflect  .   (no helmet)
rElec   .          Harm     .   (no cloak)
rCorr   .          Rampage  .   (no gloves)
Will    .....                   (no boots)
Stlth   ..........              (no amulet)
HPRegen 0.09/turn               (no ring)
MPRegen 0.08/turn               (no ring)

@: confused
A: slimy green scales 1, powered by pain 1
a: Renounce Religion, Recall Undead Harvest


You were on level 3 of the Dungeon.
You worshipped Yredelemnul.
Yredelemnul was noncommittal.
You visited 1 branch of the dungeon, and saw 3 of its levels.

You collected 96 gold pieces.

Inventory:

Hand Weapons
 a - a +0 war axe (weapon)
Armour
 b - a +0 scale mail (worn)
 c - a +0 buckler (worn)
Jewellery
 m - a ring of protection from fire
Scrolls
 e - a scroll of magic mapping {unknown}
 f - a scroll of identify {unknown}
 i - a scroll of vulnerability {unknown}
 j - a scroll of teleportation {unknown}
 k - a scroll of enchant weapon {unknown}
Potions
 d - a potion of might
 g - a potion of curing {unknown}
 h - a potion of heal wounds {unknown}
 l - a potion of ambrosia {unknown}


   Skills:
 + Level 3.3 Fighting
 * Level 2.5 Axes
 + Level 3.0 Armour
 + Level 1.0 Dodging
 + Level 2.9 Shields


You had 2 spell levels left.
You didn't know any spells.
Your spell library contained the following spells:

 Spells                   Type           Power      Damage    Failure   Level
 Animate Skeleton         Necr           0%         N/A       86%         1
 Pain                     Necr           0%         1d4       86%         1
 Vampiric Draining        Necr           0%         2d6       99%         3


Dungeon Overview and Level Annotations

Branches:
Dungeon (3/15)

Altars:
Yredelemnul


Innate Abilities, Weirdness & Mutations

You are partially covered in slimy green scales. (AC +2)
You sometimes gain a little power by taking damage.


Message History

The worm bites you but does no damage.
An orc comes into view. It is wielding a +0 mace.
You block the worm's attack.
An orc wizard comes into view. It is wielding a +0 dagger.
The orc wizard shouts!
You hear a shout!
The worm barely misses you. The worm bites you! The worm barely misses you.
You block the orc's attack. The worm barely misses you. The worm bites you.
The orc wizard barely misses you. The orc hits you but does no damage.
The orc wizard barely misses you. The worm bites you but does no damage.
The orc hits you with a +0 mace.
The orc wizard hits you but does no damage.
The orc barely misses you.
The orc wizard points at you and mumbles some strange words.
You are confused.
The worm completely misses you. The orc hits you but does no damage.
The orc wizard barely misses you. The orc hits you but does no damage.
The worm bites you but does no damage.
The orc wizard gestures at you while chanting.
The puff of flame hits you but does no damage.
The orc closely misses you.
The orc wizard points at you and mumbles some strange words.
You are more confused.
The worm bites you.
* * * LOW HITPOINT WARNING * * *
The orc barely misses you.
The orc wizard gestures at you while chanting.
You resist with significant effort. The orc hits you with a +0 mace.
* * * LOW HITPOINT WARNING * * *
The orc wizard hits you with a +0 dagger.
* * * LOW HITPOINT WARNING * * *
The worm barely misses you. The orc hits you with a +0 mace.
* * * LOW HITPOINT WARNING * * *
The orc wizard hits you but does no damage.
The orc hits you but does no damage. The worm bites you!
You die...
Your body rises from the dead as a mindless zombie.

###.###.# #.#
#############.###.###
.............>......#
#...........#.###.#.#
#...........#....)#
............#.#####
....:....o..#.#
#.......w@.#.#
#.......o..+.#
#..........###
#..........#
#..........#
#..........#
############


You could see a worm, an orc wizard and an orc.

Vanquished Creatures
  A worm (D:2)
  A dart slug (D:2)
  3 ball pythons (D:1)
  7 bats
  An endoplasm (D:1)
  A giant cockroach (D:2)
  7 goblins
  4 hobgoblins
  4 jackals (D:1)
  3 kobolds
  A quokka (D:2)
  2 frilled lizards (D:1)
  3 rats (D:2)
38 creatures vanquished.

Vanquished Creatures (collateral kills)
  A hobgoblin (D:2)
1 creature vanquished.

Grand Total: 39 creatures vanquished

Notes
Turn   | Place    | Note
-------+----------+-------------------------------------------
     0 | D:1      | HallandMoats the Demonspawn Fighter began the quest for the
                  | Orb.
     0 | D:1      | Reached XP level 1. HP: 18/18 MP: 1/1
    50 | D:1      | Gained mutation: You are partially covered in slimy green
                  | scales. (AC +2) [demonic ancestry]
    50 | D:1      | Reached XP level 2. HP: 19/24 MP: 2/2
   596 | D:1      | Gained mutation: You sometimes gain a little power by
                  | taking damage. [demonic ancestry]
   596 | D:1      | Reached XP level 3. HP: 29/29 MP: 3/3
   664 | D:1      | You fall into a shaft and drop 1 floor!
  1041 | D:2      | Reached skill level 1 in Dodging
  1452 | D:2      | Found a faded altar of an unknown god.
  1458 | D:2      | Prayed at the altar of an unknown god.
  1458 | D:2      | Became a worshipper of Yredelemnul the Dark
  1458 | D:2      | Reached * piety under Yredelemnul
  1794 | D:3      | Slain by a worm

Illustrated notes

Levels and vault maps discovered:
D:1:      lemuel_arrival_lava_pool, layout_loops_ring
D:2:      layout_loops_ring, nicolae_ecumenical_pavilion
D:3:      minmay_spotlight, layout_basic, eat_drink_and_be_merry_uskayaw,
          dk_vineyard_1, uniq_robin, uniq_crazy_yiuf_cottage

Skill      XL: |  1  2  3 |
---------------+----------+-----
Axes           | 2 |  2.5
Dodging        | 1 |  1.0
Armour         | 3 |  3.0
Fighting       | |  3.3
Shields        | |  2.9

Action                   || total
-------------------------++-------
Melee: War axe           ||    98
Armor: Scale mail        ||    82
Dodge: Dodged            ||    66
Block: Buckler           ||    41

Table legend: (Time is in decaauts)
 A = Elapsed time spent in this place.
 B = Non-inter-level travel time spent in this place.
 C = Inter-level travel time spent in this place.
 D = Time resting spent in this place.
 E = Time spent auto-exploring this place.
 F = Levels seen in this place.
 G = Mean time per level.
                   A        B        C        D        E       F      G
               +--------+--------+--------+--------+--------+-----+--------+
         Total |   1836 |   1799 |     37 |      0 |   1454 |   3 |  612.0 |
       Dungeon |   1836 |   1799 |     37 |      0 |   1454 |   3 |  612.0 |
               +--------+--------+--------+--------+--------+-----+--------+

Top non-repeatable levels by time:
     D:2: 1096 daAuts
     D:1: 685 daAuts
     D:3: 54 daAuts
